Cogmind - Beta 15 @@@ ROGUE MODE // 2025.05.27 @ 21:19:07 Player: obl-vn Result: Self-destructed Performance ------------- Evolutions (7) 3500 Regions Visited (16) 3200 Robots Destroyed (0) 0 Value Destroyed (0) 0 Prototype IDs (4) 80 Alien Tech Used (0) 0 Bonus (5456) 5456 TOTAL SCORE: 12236 Bonus ------- Pacifist 4256 Entered Garrisons 200 Entered DSFs 1000 Cogmind --------- Core Integrity 37/1300 Matter 94/300 Energy 93/100 System Corruption 7% Temperature Cool (9) Movement Core (50) Location -3/Garrison Parts ------- > --- POWER (1) -------- (None) > --- PROPULSION (9) --- (None) > --- UTILITY (9) ------ Machine Analyzer Graphene Brace Hacking Suite > --- WEAPON (2) ------- (None) > --- INVENTORY (5) ---- Improved Signal Interpreter Advanced Terrain Scan Processor Layered Light Armor Plating Peak State ------------ > --- POWER ------------ (None) > --- PROPULSION ------- Advanced Medium Treads Heavy Shield Leg Heavy Shield Leg Heavy Shield Leg Heavy Shield Leg > --- UTILITY ---------- Machine Analyzer Hacking Suite Hacking Suite Hacking Suite > --- WEAPON ----------- (None) > --- INVENTORY -------- Improved Signal Interpreter Advanced Terrain Scan Processor Layered Light Armor Plating Graphene Brace Improved Plasma Cutter [Rating: 93] Favorites ----------- Power F-cell Engine Engine F-cell Engine Propulsion Xenon Bombardment Thruster Treads Light Treads Leg Heavy Shield Leg Flight Unit Xenon Bombardment Thruster Utility Machine Analyzer Device Cryofiber Web Processor Machine Analyzer Hackware Hacking Suite Protection Layered Light Armor Plating Weapon HERF Cannon Energy Cannon HERF Cannon Build | -11 -10 -9 -9 -8 -7 -7 -7 -7 -6 -6 -5 -5 -4 -3 -3 -3 ------- Run | Yrd Mat Mat Sto Mat Fac Low Low Dat Pro Fac Fac DSF Fac Res DSF Gar Slots Evolved 14 | . . 2 . 2 2 . . . . 2 2 . 2 2 . . Power . | . . . . . . . . . . . . . . . . . Propulsion 7 | . . 2 . 1 1 . . . . . 1 . 1 1 . . Utility 7 | . . . . 1 1 . . . . 2 1 . 1 1 . . Weapon . | . . . . . . . . . . . . . . . . . Parts Attached 40 | 2 . 2 . 2 8 . 2 . . 1 . 1 12 . 9 1 Power 2 | . . . . . 1 . . . . . . 1 . . . . Engine 2 | . . . . . 1 . . . . . . 1 . . . . Core . | . . . . . . . . . . . . . . . . . Reactor . | . . . . . . . . . . . . . . . . . Propulsion 21 | 2 . 2 . 2 6 . . . . . . . 4 . 5 . Treads 5 | 2 . . . 1 . . . . . . . . 1 . 1 . Leg 6 | . . 2 . . . . . . . . . . . . 4 . Wheel . | . . . . . . . . . . . . . . . . . Hover . | . . . . . . . . . . . . . . . . . Flight 10 | . . . . 1 6 . . . . . . . 3 . . . Utility 15 | . . . . . 1 . 2 . . 1 . . 7 . 4 . Device 5 | . . . . . . . 2 . . . . . 3 . . . Storage . | . . . . . . . . . . . . . . . . . Processor 2 | . . . . . 1 . . . . 1 . . . . . . Hackware 4 | . . . . . . . . . . . . . . . 4 . Protection 4 | . . . . . . . . . . . . . 4 . . . Artifact . | . . . . . . . . . . . . . . . . . Weapon 2 | . . . . . . . . . . . . . 1 . . 1 Energy Gun . | . . . . . . . . . . . . . . . . . Energy Cannon 1 | . . . . . . . . . . . . . 1 . . . Ballistic Gun . | . . . . . . . . . . . . . . . . . Ballistic Cannon . | . . . . . . . . . . . . . . . . . Launcher . | . . . . . . . . . . . . . . . . . Special Weapon 1 | . . . . . . . . . . . . . . . . 1 Impact Weapon . | . . . . . . . . . . . . . . . . . Slashing Weapon . | . . . . . . . . . . . . . . . . . Piercing Weapon . | . . . . . . . . . . . . . . . . . Special Melee Weapon . | . . . . . . . . . . . . . . . . . Unidentified Prototypes 4 | . . . . 1 1 . . . . 1 . . 1 . . . Parts Lost 24 | . . . . . 1 1 . . . 2 . 4 3 . 5 8 Power 2 | . . . . . . . . . . . . 1 1 . . . Propulsion 15 | . . . . . 1 1 . . . 1 . 2 2 . 3 5 Utility 6 | . . . . . . . . . . 1 . 1 . . 2 2 Weapon 1 | . . . . . . . . . . . . . . . . 1 Highest Loss Streak 7 | . . . . . 1 1 . . . 2 . 6 3 . 5 7 To Critical Strikes 1 | . . . . . . . . . . . . . . . . 1 Average Backups 2 | 2 2 . . 2 2 2 2 2 2 2 2 2 4 5 5 4 Power . | . . . . 1 . . . . . . . . . . . . Propulsion . | 2 2 . . 1 1 1 1 1 1 1 1 1 1 2 . . Utility 1 | . . . . . . 1 1 1 1 1 1 1 2 2 3 3 Weapon . | . . . . . . . . . . . . . . . . . Tool/Special . | . . . . . . . . . . . . . . . . . Unused Backups 2 | . . . . . . . . . . . . . . . . 2 Power . | . . . . . . . . . . . . . . . . . Propulsion . | . . . . . . . . . . . . . . . . . Utility 2 | . . . . . . . . . . . . . . . . 2 Weapon . | . . . . . . . . . . . . . . . . . Tool/Special . | . . . . . . . . . . . . . . . . . Average Slot Usage (%) 45 | . 28 38 44 42 42 53 59 69 69 59 41 33 41 38 42 38 Engine 3 | . . . . . 4 7 7 7 7 6 5 3 4 . . . Treads 6 | . 28 22 22 23 3 . . . . . . . . . 3 3 Leg 5 | . . 16 22 18 1 . . . . . . . . . 4 16 Flight 18 | . . . . 1 32 38 38 38 38 33 23 20 15 14 9 . Device 4 | . . . . . . . 6 15 15 12 5 2 11 9 4 . Processor 3 | . . . . . . 7 7 7 7 6 5 5 5 4 4 4 Hackware 2 | . . . . . . . . . . . . . . . 10 13 Peak Build Rating 93 | 2 2 4 4 8 33 33 35 35 35 41 28 28 69 47 93 93 Average Rating 32 | 1 2 3 4 7 22 29 31 35 35 34 28 22 39 47 59 79 On Entrance 26 | . 2 2 4 4 8 33 29 35 35 35 28 28 17 47 47 93 Naked Turns 4 | . . . . . 4 . . . . . . . . . . . Heaviest Build 30 | . . . . . 12 12 14 14 14 14 13 13 30 12 12 1 Greatest Support 240 | 3 3 3 3 3 35 35 29 29 29 29 24 24 33 21 21 240 Greatest Overweight (x) 4 | . . . . . . . . . . . . 4 . . 3 . Average Overweight (x) . | . . . . . . . . . . . . . . . . . Largest Inventory Capacity 5 | 5 5 5 5 5 5 5 5 5 5 5 5 5 5 5 5 5 Average Capacity 5 | 5 5 5 5 5 5 5 5 5 5 5 5 5 5 5 5 5 Most Carried 5 | 4 2 1 1 3 5 2 4 2 2 3 2 4 5 5 5 5 Average Carried 2 | 1 2 . . 2 2 2 2 2 2 2 2 2 4 5 4 4 Final Capacity 5 | 5 5 5 5 5 5 5 5 5 5 5 5 5 5 5 5 5 Final Carried 5 | 2 2 . 1 3 2 2 2 2 2 2 2 4 5 5 5 3 Class Distribution -------------------- 42% | Mutant 41% | Sprinter 16% | Hacker-Mutant Dominant Class ---------------- Mutant | -10/Materials Mutant | -9/Materials Mutant | -9/Storage Mutant | -8/Materials Sprinter | -7/Factory Sprinter | -7/Lower Caves Sprinter | -7/Lower Caves Sprinter | -7/Data Miner Sprinter | -6/Proximity Caves Sprinter | -6/Factory Sprinter | -5/Factory Mutant | -5/DSF Mutant | -4/Factory Mutant | -3/Research Hacker-Mutant | -3/DSF Hacker-Mutant | -3/Garrison Resources | -11 -10 -9 -9 -8 -7 -7 -7 -7 -6 -6 -5 -5 -4 -3 -3 -3 ----------- Run | Yrd Mat Mat Sto Mat Fac Low Low Dat Pro Fac Fac DSF Fac Res DSF Gar Matter Collected 307 | 220 . . . . . . 61 . . . . . . . 26 . Remotely . | . . . . . . . . . . . . . . . . . Salvage Created . | . . . . . . . . . . . . . . . . . Parts . | . . . . . . . . . . . . . . . . . Haulers Intercepted . | . . . . . . . . . . . . . . . . . Recyclers Shooed . | . . . . . . . . . . . . . . . . . Parts Field Recycled . | . . . . . . . . . . . . . . . . . Retrieved Matter . | . . . . . . . . . . . . . . . . . Parts Self-Destructed . | . . . . . . . . . . . . . . . . . Prevented 1 | . . . . . . . 1 . . . . . . . . . Kills | -11 -10 -9 -9 -8 -7 -7 -7 -7 -6 -6 -5 -5 -4 -3 -3 -3 ------- Run | Yrd Mat Mat Sto Mat Fac Low Low Dat Pro Fac Fac DSF Fac Res DSF Gar Combat Hostiles Destroyed . | . . . . . . . . . . . . . . . . . Classes Destroyed . | . . . . . . . . . . . . . . . . . Best Kill Streak . | . . . . . . . . . . . . . . . . . Combat Bots Only . | . . . . . . . . . . . . . . . . . Max Kills in Single Turn . | . . . . . . . . . . . . . . . . . Gunslinging . | . . . . . . . . . . . . . . . . . Exploded . | . . . . . . . . . . . . . . . . . Melee . | . . . . . . . . . . . . . . . . . Uniques/NPCs Destroyed . | . . . . . . . . . . . . . . . . . Combat | -11 -10 -9 -9 -8 -7 -7 -7 -7 -6 -6 -5 -5 -4 -3 -3 -3 -------- Run | Yrd Mat Mat Sto Mat Fac Low Low Dat Pro Fac Fac DSF Fac Res DSF Gar Hostile Shots Fired 593 | . 3 . 4 31 54 12 36 . 9 27 . 37 66 . 88 226 Missed 288 | . 2 . 2 11 31 8 31 . 7 18 . 22 43 . 34 79 Hits 305 | . 1 . 2 20 23 4 5 . 2 9 . 15 23 . 54 147 Projectile 305 | . 1 . 2 20 23 4 5 . 2 9 . 15 23 . 54 147 Critical Strikes 11 | . . . . 1 . . . . . . . 1 1 . 1 7 Actively Blocked 2 | . . . . . . . . . . . . . 1 . 1 . Damage Taken 5909 | . 13 . 30 256 173 55 32 . 32 147 . 258 432 . 1191 3290 Core 1773 | . 3 . 15 34 102 13 11 . 19 48 . 155 110 . 350 913 Absorbed by Shields 49 | . . . . . . . . . . . . . . . 49 . Regen/Repaired (Parts) 7 | . . . . . . . . . . . . . 7 . . . Core Remaining (%) 91 | 100 98 . 96 93 . . . . 79 94 . 84 90 . . . Volleys Fired 2 | . . . . . . . . . . . . . 2 . . . Largest 1 | . . . . . . . . . . . . . 1 . . . Hottest 88 | . . . . . . . . . . . . . 88 . . . Shots Fired 2 | . . . . . . . . . . . . . 2 . . . Gun . | . . . . . . . . . . . . . . . . . Cannon 2 | . . . . . . . . . . . . . 2 . . . Launcher . | . . . . . . . . . . . . . . . . . Special . | . . . . . . . . . . . . . . . . . Kinetic . | . . . . . . . . . . . . . . . . . Thermal . | . . . . . . . . . . . . . . . . . Explosive . | . . . . . . . . . . . . . . . . . Electromagnetic 2 | . . . . . . . . . . . . . 2 . . . Robot Hit Streak . | . . . . . . . . . . . . . . . . . Robot Miss Streak . | . . . . . . . . . . . . . . . . . Penetration Max . | . . . . . . . . . . . . . . . . . Secondary Targets . | . . . . . . . . . . . . . . . . . Shots Hit Robots . | . . . . . . . . . . . . . . . . . Core Hits 2 | . . . . . . . . . . . . . . . . 2 Critical Kills . | . . . . . . . . . . . . . . . . . Critical Parts Destroyed . | . . . . . . . . . . . . . . . . . Critical Strikes . | . . . . . . . . . . . . . . . . . Melee Attacks . | . . . . . . . . . . . . . . . . . Impact . | . . . . . . . . . . . . . . . . . Slashing . | . . . . . . . . . . . . . . . . . Piercing . | . . . . . . . . . . . . . . . . . Sneak Attacks . | . . . . . . . . . . . . . . . . . Combat Hostiles . | . . . . . . . . . . . . . . . . . Follow-up Attacks . | . . . . . . . . . . . . . . . . . Damage Inflicted 60 | . 8 . . . . . . . . 1 . . . . . 51 Guns . | . . . . . . . . . . . . . . . . . Cannons . | . . . . . . . . . . . . . . . . . Explosions . | . . . . . . . . . . . . . . . . . Melee . | . . . . . . . . . . . . . . . . . Ramming 60 | . 8 . . . . . . . . 1 . . . . . 51 Kinetic . | . . . . . . . . . . . . . . . . . Thermal . | . . . . . . . . . . . . . . . . . Explosive . | . . . . . . . . . . . . . . . . . Electromagnetic . | . . . . . . . . . . . . . . . . . Impact . | . . . . . . . . . . . . . . . . . Slashing . | . . . . . . . . . . . . . . . . . Piercing . | . . . . . . . . . . . . . . . . . Highest Corruption 7 | . . . . . 1 1 1 1 1 . . . . . . 7 Average Corruption 1 | . . . . . 1 1 1 1 1 . . . . . . 4 Corruption Purged . | . . . . . . . . . . . . . . . . . Corruption Blocked . | . . . . . . . . . . . . . . . . . Effects 6 | . . . . . 1 2 1 . . . . . . . . 2 Message Errors 2 | . . . . . . 1 . . . . . . . . . 1 Matter Fused 2 | . . . . . 1 . 1 . . . . . . . . . Heat Flow Errors 1 | . . . . . . . . . . . . . . . . 1 Energy Discharges 1 | . . . . . . 1 . . . . . . . . . . Overload Shots . | . . . . . . . . . . . . . . . . . Overflow Damage . | . . . . . . . . . . . . . . . . . Projectiles . | . . . . . . . . . . . . . . . . . Explosions . | . . . . . . . . . . . . . . . . . Melee . | . . . . . . . . . . . . . . . . . Knockbacks . | . . . . . . . . . . . . . . . . . Impact . | . . . . . . . . . . . . . . . . . Kinetic . | . . . . . . . . . . . . . . . . . Secondary . | . . . . . . . . . . . . . . . . . Self-Inflicted Damage 24 | . 3 . . . . . . . . . . . . . . 21 Shots . | . . . . . . . . . . . . . . . . . Rammed 14 | . 2 . . . . . . . . 1 . . . . . 11 Targets Rammed 18 | . 2 . . . . . . . . 1 . . . . . 15 Kicked 4 | . . . . . . . . . . . . . . . . 4 Crushed . | . . . . . . . . . . . . . . . . . Highest Temperature 255 | . . . . . 255 62 28 . 37 . . . 159 . . 127 Average Temperature 65 | . . . . . 126 35 14 . 21 . . . 101 . . 68 Received Heat Transfer 1002 | . 6 . 18 45 54 . 6 . 9 6 . 84 63 . 224 487 Siege Activations . | . . . . . . . . . . . . . . . . . Martial Activations . | . . . . . . . . . . . . . . . . . Shielding Activations . | . . . . . . . . . . . . . . . . . Robots Disrupted . | . . . . . . . . . . . . . . . . . Combat Hostiles . | . . . . . . . . . . . . . . . . . Robots Corrupted . | . . . . . . . . . . . . . . . . . Combat Hostiles . | . . . . . . . . . . . . . . . . . Parts Fried . | . . . . . . . . . . . . . . . . . Impact Corruptions . | . . . . . . . . . . . . . . . . . Robots Melted . | . . . . . . . . . . . . . . . . . Combat Hostiles . | . . . . . . . . . . . . . . . . . Parts Melted . | . . . . . . . . . . . . . . . . . Heat Transferred . | . . . . . . . . . . . . . . . . . Parts Sabotaged . | . . . . . . . . . . . . . . . . . Parts Stolen . | . . . . . . . . . . . . . . . . . Parts Stripped . | . . . . . . . . . . . . . . . . . Power Chain Reactions . | . . . . . . . . . . . . . . . . . Alert | -11 -10 -9 -9 -8 -7 -7 -7 -7 -6 -6 -5 -5 -4 -3 -3 -3 ------- Run | Yrd Mat Mat Sto Mat Fac Low Low Dat Pro Fac Fac DSF Fac Res DSF Gar Maximum Alert Level 1 | . . . . . . . . . . . . . 1 . . 1 Low Security (%) 95 | 100 100 100 100 100 100 . . . . 100 100 100 97 100 100 74 Level 1 4 | . . . . . . . . . . . . . 2 . . 25 Level 2 . | . . . . . . . . . . . . . . . . . Level 3 . | . . . . . . . . . . . . . . . . . Level 4 . | . . . . . . . . . . . . . . . . . Level 5 . | . . . . . . . . . . . . . . . . . High Security . | . . . . . . . . . . . . . . . . . Max Security . | . . . . . . . . . . . . . . . . . Peak Influence 275 | . . . 7 16 35 . . . . 34 . 15 230 120 90 275 Initial 120 | . . . . 1 2 . . . . 34 . 3 7 120 90 30 Average 35 | . . . 1 3 8 . . . . 20 . 1 42 120 65 121 Influence Increases 801 | . . . 12 30 59 45 . . 75 . 5 15 305 . . 255 Successful Hack 36 | . . . 12 . 14 . . . . . 5 . 5 . . . Partial Spotted 45 | . . . . 30 15 . . . . . . . . . . . Lose Combat Pursuer 720 | . . . . . 30 45 . . 75 . . 15 300 . . 255 Influence Decreases 596 | . . . 7 30 45 58 6 . 20 55 . 5 90 110 80 90 Entered New Map 198 | . . . . 4 3 8 2 . . 21 . 2 8 110 30 10 Time Decay 215 | . . . 7 26 42 40 4 . 20 24 . . 52 . . . Lost Part 183 | . . . . . . 10 . . . 10 . 3 30 . 50 80 Squads Dispatched 12 | . 1 . 1 1 4 . . . . . 1 1 2 . 1 . Investigation 7 | . . . 1 1 2 . . . . . 1 . 2 . . . Extermination 1 | . . . . . 1 . . . . . . . . . . . Reinforcement 4 | . 1 . . . 1 . . . . . . 1 . . 1 . Assault . | . . . . . . . . . . . . . . . . . Garrison . | . . . . . . . . . . . . . . . . . Intercept . | . . . . . . . . . . . . . . . . . Searches Triggered . | . . . . . . . . . . . . . . . . . Construction Impeded . | . . . . . . . . . . . . . . . . . Haulers Reinforced . | . . . . . . . . . . . . . . . . . Active Scanning Responses . | . . . . . . . . . . . . . . . . . Cargo Convoy Interrupts . | . . . . . . . . . . . . . . . . . Stealth | -11 -10 -9 -9 -8 -7 -7 -7 -7 -6 -6 -5 -5 -4 -3 -3 -3 --------- Run | Yrd Mat Mat Sto Mat Fac Low Low Dat Pro Fac Fac DSF Fac Res DSF Gar Distress Signals 2 | . 1 . . . . . . . . . . . 1 . . . Communications Jammed . | . . . . . . . . . . . . . . . . . Distress Signals . | . . . . . . . . . . . . . . . . . Times Spotted 108 | . 4 . 7 7 5 8 1 . 7 3 . 3 29 . 5 29 Peak Tracking Total 24 | . 3 . 8 9 4 6 1 . 4 3 . 3 24 . 4 19 Tactical Retreats 11 | . . . . . 1 1 . . 2 . . 1 3 . . 3 Traps | -11 -10 -9 -9 -8 -7 -7 -7 -7 -6 -6 -5 -5 -4 -3 -3 -3 ------- Run | Yrd Mat Mat Sto Mat Fac Low Low Dat Pro Fac Fac DSF Fac Res DSF Gar Traps Triggered 6 | . . . . 1 3 . . . . . . . . . 1 1 Indirectly . | . . . . . . . . . . . . . . . . . Trap Hack Attempts . | . . . . . . . . . . . . . . . . . Triggered . | . . . . . . . . . . . . . . . . . Disarmed . | . . . . . . . . . . . . . . . . . Reprogrammed . | . . . . . . . . . . . . . . . . . Reused . | . . . . . . . . . . . . . . . . . Traps Extracted . | . . . . . . . . . . . . . . . . . Installed . | . . . . . . . . . . . . . . . . . Triggered . | . . . . . . . . . . . . . . . . . Machines | -11 -10 -9 -9 -8 -7 -7 -7 -7 -6 -6 -5 -5 -4 -3 -3 -3 ---------- Run | Yrd Mat Mat Sto Mat Fac Low Low Dat Pro Fac Fac DSF Fac Res DSF Gar Machines Disabled . | . . . . . . . . . . . . . . . . . Max in Single Turn . | . . . . . . . . . . . . . . . . . Garrison Access 2 | . . . . . 2 . . . . . . . . . . . Machines Repaired . | . . . . . . . . . . . . . . . . . Machines Dismantled . | . . . . . . . . . . . . . . . . . Machines Sabotaged . | . . . . . . . . . . . . . . . . . Overloaded Fab Kills . | . . . . . . . . . . . . . . . . . Hacking | -11 -10 -9 -9 -8 -7 -7 -7 -7 -6 -6 -5 -5 -4 -3 -3 -3 --------- Run | Yrd Mat Mat Sto Mat Fac Low Low Dat Pro Fac Fac DSF Fac Res DSF Gar Machines Accessed 16 | . 1 . 3 . 5 . . . . 1 1 . 3 1 . 1 Terminals 13 | . 1 . 3 . 3 . . . . 1 1 . 2 1 . 1 Fabricators . | . . . . . . . . . . . . . . . . . Repair Stations 1 | . . . . . . . . . . . . . 1 . . . Recycling Units . | . . . . . . . . . . . . . . . . . Scanalyzers . | . . . . . . . . . . . . . . . . . Garrison Access 2 | . . . . . 2 . . . . . . . . . . . Total Hacks 37 | . 3 . 7 . 10 . . . . 2 4 . 7 3 . 1 Successful 14 | . . . 3 . 5 . . . . 1 1 . 2 1 . 1 Failed 23 | . 3 . 4 . 5 . . . . 1 3 . 5 2 . . Catastrophic 8 | . 3 . 2 . 2 . . . . . . . 1 . . . Database Lockouts . | . . . . . . . . . . . . . . . . . Manual 8 | . 3 . . . 2 . . . . 2 . . 1 . . . Terminals 33 | . 3 . 7 . 7 . . . . 2 4 . 6 3 . 1 Fabricators . | . . . . . . . . . . . . . . . . . Repair Stations 1 | . . . . . . . . . . . . . 1 . . . Recycling Units . | . . . . . . . . . . . . . . . . . Scanalyzers . | . . . . . . . . . . . . . . . . . Garrison Access 3 | . . . . . 3 . . . . . . . . . . . Terminal Hacks 11 | . . . 3 . 3 . . . . 1 1 . 1 1 . 1 Open Door 1 | . . . 1 . . . . . . . . . . . . . Open DSF 4 | . . . . . 1 . . . . . 1 . 1 1 . . Zone Layout 5 | . . . 2 . 2 . . . . 1 . . . . . . Garrison Registry 1 | . . . . . . . . . . . . . . . . 1 Fabricator Hacks . | . . . . . . . . . . . . . . . . . Repair Station Hacks . | . . . . . . . . . . . . . . . . . Recycling Unit Hacks . | . . . . . . . . . . . . . . . . . Scanalyzer . | . . . . . . . . . . . . . . . . . Garrison Access Hacks 2 | . . . . . 2 . . . . . . . . . . . Seal Access 2 | . . . . . 2 . . . . . . . . . . . Unauthorized Hacks 1 | . . . . . . . . . . . . . 1 . . . Terminals . | . . . . . . . . . . . . . . . . . Fabricators . | . . . . . . . . . . . . . . . . . Repair Stations 1 | . . . . . . . . . . . . . 1 . . . Patch 1 | . . . . . . . . . . . . . 1 . . . Recycling Units . | . . . . . . . . . . . . . . . . . Scanalyzers . | . . . . . . . . . . . . . . . . . Garrison Access . | . . . . . . . . . . . . . . . . . Data Cores Recovered . | . . . . . . . . . . . . . . . . . Used . | . . . . . . . . . . . . . . . . . Hacking Detections 8 | . 1 . 3 . 2 . . . . . 1 . 1 . . . Full Trace Events 6 | . . . 2 . 2 . . . . . 1 . 1 . . . Feedback Events 1 | . . . . . 1 . . . . . . . . . . . Corruption 1 | . . . . . 1 . . . . . . . . . . . Feedback Blocked . | . . . . . . . . . . . . . . . . . Robot Schematics Acquired . | . . . . . . . . . . . . . . . . . Robots Built . | . . . . . . . . . . . . . . . . . Authchips . | . . . . . . . . . . . . . . . . . Time . | . . . . . . . . . . . . . . . . . Total Robot Build Rating . | . . . . . . . . . . . . . . . . . Part Schematics Acquired . | . . . . . . . . . . . . . . . . . Parts Built . | . . . . . . . . . . . . . . . . . Authchips . | . . . . . . . . . . . . . . . . . Time . | . . . . . . . . . . . . . . . . . Total Part Build Rating . | . . . . . . . . . . . . . . . . . Parts Repaired . | . . . . . . . . . . . . . . . . . Time . | . . . . . . . . . . . . . . . . . Parts Recycled . | . . . . . . . . . . . . . . . . . Recycled Matter . | . . . . . . . . . . . . . . . . . Retrieved Matter . | . . . . . . . . . . . . . . . . . Retrieved Components . | . . . . . . . . . . . . . . . . . Parts Scanalyzed . | . . . . . . . . . . . . . . . . . Part Schematics Acquired . | . . . . . . . . . . . . . . . . . Parts Damaged . | . . . . . . . . . . . . . . . . . Bothacking | -11 -10 -9 -9 -8 -7 -7 -7 -7 -6 -6 -5 -5 -4 -3 -3 -3 ------------ Run | Yrd Mat Mat Sto Mat Fac Low Low Dat Pro Fac Fac DSF Fac Res DSF Gar Used RIF Installer . | . . . . . . . . . . . . . . . . . Robots Hacked . | . . . . . . . . . . . . . . . . . Non-combat . | . . . . . . . . . . . . . . . . . Combat . | . . . . . . . . . . . . . . . . . Robot Hacks Applied . | . . . . . . . . . . . . . . . . . Relay Couplers Released . | . . . . . . . . . . . . . . . . . Fabnet Peak Effective % . | . . . . . . . . . . . . . . . . . Robots Rewired . | . . . . . . . . . . . . . . . . . Allies Hacked . | . . . . . . . . . . . . . . . . . Hacks Repelled . | . . . . . . . . . . . . . . . . . Allies | -11 -10 -9 -9 -8 -7 -7 -7 -7 -6 -6 -5 -5 -4 -3 -3 -3 -------- Run | Yrd Mat Mat Sto Mat Fac Low Low Dat Pro Fac Fac DSF Fac Res DSF Gar Total Allies . | . . . . . . . . . . . . . . . . . Largest Group . | . . . . . . . . . . . . . . . . . Highest-Rated Group . | . . . . . . . . . . . . . . . . . Highest-Rated Ally . | . . . . . . . . . . . . . . . . . Total Orders . | . . . . . . . . . . . . . . . . . Ally Attacks . | . . . . . . . . . . . . . . . . . Total Damage . | . . . . . . . . . . . . . . . . . Kills . | . . . . . . . . . . . . . . . . . Allies Corrupted . | . . . . . . . . . . . . . . . . . Allies Melted . | . . . . . . . . . . . . . . . . . Intel | -11 -10 -9 -9 -8 -7 -7 -7 -7 -6 -6 -5 -5 -4 -3 -3 -3 ------- Run | Yrd Mat Mat Sto Mat Fac Low Low Dat Pro Fac Fac DSF Fac Res DSF Gar Active Infowar (turns) 831 | . . . . . 13 96 106 2 84 68 10 32 169 8 103 140 Seismic 153 | . . . . . . . . . . . . . 153 . . . Machine Analysis 831 | . . . . . 13 96 106 2 84 68 10 32 169 8 103 140 Robot Analysis Total . | . . . . . . . . . . . . . . . . . Derelict Logs Recovered 2 | . . . . . . 2 . . . . . . . . . . Drone Launches . | . . . . . . . . . . . . . . . . . Drone Recoveries . | . . . . . . . . . . . . . . . . . Exploration | -11 -10 -9 -9 -8 -7 -7 -7 -7 -6 -6 -5 -5 -4 -3 -3 -3 ------------- Run | Yrd Mat Mat Sto Mat Fac Low Low Dat Pro Fac Fac DSF Fac Res DSF Gar Turns Passed 1277 | 21 71 10 108 76 173 96 106 2 84 68 10 32 169 8 103 140 Spaces Moved 3237 | 30 138 16 213 141 519 355 376 6 312 241 33 56 419 23 119 240 Core 884 | 30 138 16 213 141 22 . . . . . . 4 . . 82 238 Treads . | . . . . . . . . . . . . . . . . . Legs 2 | . . . . . . . . . . . . . . . . 2 Wheels . | . . . . . . . . . . . . . . . . . Hover . | . . . . . . . . . . . . . . . . . Flight 2351 | . . . . . 497 355 376 6 312 241 33 52 419 23 37 . Fastest Speed 24 | 50 50 50 50 50 24 24 27 27 27 27 31 31 28 34 34 50 Average Speed 34 | 50 50 50 50 50 28 26 27 27 27 27 31 49 33 34 52 50 Slowest Speed 250 | 50 50 50 50 50 50 27 27 27 27 31 31 250 37 34 200 140 Overloaded Moves . | . . . . . . . . . . . . . . . . . Propulsion Burnouts . | . . . . . . . . . . . . . . . . . Robots Hopped 10 | . . . . . 3 . . . . 1 . 1 5 . . . Potential Cave-ins . | . . . . . . . . . . . . . . . . . Cave-ins Triggered . | . . . . . . . . . . . . . . . . . Exploration Rate (%) 31 | 4 31 3 48 21 23 62 62 22 63 8 2 52 20 1 90 31 Regions Visited 16 Branch Regions 5 Pre-discovered Areas 1 | . . . . . . 1 . . . . . . . . . . Known Exits Taken 3 | . . . . . . 1 . . . . 1 . . 1 . . Unknown Exits Taken 11 | 1 1 1 1 1 1 . 1 1 1 1 . . 1 . . . Scrap Searched 4 | . . . . . . 2 1 . 1 . . . . . . . Spaces Dug . | . . . . . . . . . . . . . . . . . Terrain Destroyed . | . . . . . . . . . . . . . . . . . Melee . | . . . . . . . . . . . . . . . . . Projectile . | . . . . . . . . . . . . . . . . . AOE . | . . . . . . . . . . . . . . . . . Terrain Rammed . | . . . . . . . . . . . . . . . . . Walls Destroyed . | . . . . . . . . . . . . . . . . . Machines Disabled . | . . . . . . . . . . . . . . . . . Actions | -11 -10 -9 -9 -8 -7 -7 -7 -7 -6 -6 -5 -5 -4 -3 -3 -3 --------- Run | Yrd Mat Mat Sto Mat Fac Low Low Dat Pro Fac Fac DSF Fac Res DSF Gar Total 3350 | 35 139 17 213 146 544 354 379 5 311 243 32 58 440 22 157 255 Wait 18 | . . . . . 1 . . . . . . . . . 17 . Move 3201 | 29 137 15 212 140 512 354 375 5 311 239 32 53 409 22 118 238 Hop 9 | . . . . . 3 . . . . 1 . 1 4 . . . Pick Up 28 | 4 . . 1 3 8 . 2 . . 1 . 3 6 . . . Fast Attach 17 | . . . . . 2 . . . . . . . 7 . 8 . Attach 30 | 2 . 2 . 2 10 . 2 . . 1 . 1 6 . 2 2 Detach 6 | . . . . 1 1 . . . . . . . 1 . 3 . Swap . | . . . . . . . . . . . . . . . . . Drop 12 | . . . . . 4 . . . . 1 . . 5 . 2 . Fire 2 | . . . . . . . . . . . . . 2 . . . Melee . | . . . . . . . . . . . . . . . . . Ram 13 | . 2 . . . . . . . . . . . . . . 11 Kick 4 | . . . . . . . . . . . . . . . . 4 Crush . | . . . . . . . . . . . . . . . . . Escape Stasis 10 | . . . . . 3 . . . . . . . . . 7 . Rewire . | . . . . . . . . . . . . . . . . . Trap . | . . . . . . . . . . . . . . . . . Miscellaneous . | . . . . . . . . . . . . . . . . . Route ------- -11/Scrapyard -10/Materials -9/Materials -9/Storage -8/Materials -7/Factory -7/Lower Caves -7/Lower Caves -7/Data Miner -6/Proximity Caves -6/Factory -5/Factory -5/DSF -4/Factory -3/Research -3/DSF -3/Garrison (discovered 3 exits: [*Res x3]) History --------- Turn | Location | Event 7 | -11/Scrapyard | Discovered new exit (range 15) 22 | -11/Scrapyard | Entered Materials 88 | -10/Materials | Discovered new exit (range 7) 93 | -10/Materials | Entered another Materials area 93 | -9/Materials | Evolved 2 slots: Propulsion x2 96 | -9/Materials | Discovered new exit (range 13) 103 | -9/Materials | Entered Storage 204 | -9/Storage | Discovered new exit (range 8) 211 | -9/Storage | Entered Materials 211 | -8/Materials | Evolved 2 slots: Propulsion x1, Utility x1 284 | -8/Materials | Discovered new exit (range 10) 287 | -8/Materials | Entered Factory 287 | -7/Factory | Evolved 2 slots: Propulsion x1, Utility x1 458 | -7/Factory | Discovered new exit (range 5) 460 | -7/Factory | Entered Lower Caves 482 | -7/Lower Caves | Encountered a Warlord checkpoint 542 | -7/Lower Caves | Identified exit to Lower Caves 556 | -7/Lower Caves | Entered another Lower Caves area 581 | -7/Lower Caves | Spotted B-75 Beast 601 | -7/Lower Caves | Build established: Sprinter 627 | -7/Lower Caves | Attracted the attention of an 0b10 checkpoint 660 | -7/Lower Caves | Discovered new exit (range 5) 662 | -7/Lower Caves | Entered Data Miner 662 | -7/Data Miner | Discovered new exit (range 6) 664 | -7/Data Miner | Entered Proximity Caves 709 | -6/Proximity Caves | Spotted B-75 Beast 722 | -6/Proximity Caves | Attracted the attention of an 0b10 checkpoint 746 | -6/Proximity Caves | Discovered new exit (range 9) 748 | -6/Proximity Caves | Entered Factory 748 | -6/Factory | Evolved 2 slots: Utility x2 750 | -6/Factory | Found Prototype Processor 751 | -6/Factory | Identified Exp. Targeting Computer 812 | -6/Factory | Discovered new exit (range 16) 816 | -6/Factory | Entered another Factory area 816 | -5/Factory | Evolved 2 slots: Propulsion x1, Utility x1 826 | -5/Factory | Identified exit to DSF 826 | -5/Factory | Entered DSF 846 | -5/DSF | Additional patrols routed to DSF 853 | -5/DSF | Discovered new exit (range 15) 858 | -5/DSF | Entered Factory 858 | -4/Factory | Evolved 2 slots: Propulsion x1, Utility x1 882 | -4/Factory | Lost 6 parts (1p3n2u) 1022 | -4/Factory | Discovered new exit (range 15) 1027 | -4/Factory | Entered Research 1027 | -3/Research | Evolved 2 slots: Propulsion x1, Utility x1 1035 | -3/Research | Identified exit to DSF 1035 | -3/Research | Entered DSF 1043 | -3/DSF | Lost 3 parts (1p2n) 1061 | -3/DSF | Additional patrols routed to DSF 1131 | -3/DSF | Lost 5 parts (3n2u) 1131 | -3/DSF | Discovered new exit (range 14) 1138 | -3/DSF | Entered Garrison 1157 | -3/Garrison | Spotted B-86 Titan 1158 | -3/Garrison | Triggered checkpoint 1158 | -3/Garrison | Triggered checkpoint 1176 | -3/Garrison | Discovered new exit (range 73) 1176 | -3/Garrison | Discovered new exit (range 55) 1176 | -3/Garrison | Discovered new exit (range 25) 1192 | -3/Garrison | Attempted to access garrison exit controls, blocked by remote lockdown 1223 | -3/Garrison | Triggered checkpoint 1247 | -3/Garrison | Attempted to access garrison exit controls, blocked by remote lockdown 1269 | -3/Garrison | Core integrity fell below 50% 1276 | -3/Garrison | Core integrity fell below 20% 1278 | -3/Garrison | Self-destructed Last Messages --------------- 01262_ Slammed into G-73 Enforcer. 01265_ Slug penetrates Wall. 01265_ Hvy. Shield Leg destroyed. 01266_ Slammed into B-86 Titan. 01268_ P-80 Master resets G-67 Veteran, system corruption cleaned. 01268_ Penetrated by Slug. 01268_ Critical hit (Burn: +50). 01268_ Adv. Medium Treads destroyed. 01271_ Knocked back. 01271_ Imp. Plasma Cutter destroyed. 01274_ Slammed into B-86 Titan. 01274_ Penetrated by Slug. 01274_ Hacking Suite destroyed. 01274_ Slug penetrates Earth. 01275_ Slammed into B-86 Titan. 01275_ Destabilizing: Core damaged (-26). 01276_ Slammed into B-86 Titan. 01278_ Penetrated by Slug. 01278_ Slug penetrates Earth. Map ----- +----------------------------------------------------+ | " #?????????????????????????????????????## ##???? | | " #??????????????????????????????????????# ###### | | ###??????????????????????????###?????????# ##]]]] | | #????????????????????????????# ##????????# ## | | #######################??????# #????????# | | #??????## #????????# ##!!!! | | #???????# #????????# ###### | | +######## < ######### #???????#+####?????# #????? | | #??????# #???????# #???????# #"#?????# #????? | | #??????#####???????# #???????# "#?????# #????? | | #??????????????????# #???????# "#?????# #????? | | #??????????????????# #???????# "#?????# #????? | | #??????????????????# #???????# #"#?????# #????? | | #??????????????????# #?????### ###?????# #????? | | #??????????????????# #?????# " #???????# #????? | | #??????????????????# #?????# " #???????# #????? | | #??????????????????# #?????# " #???????# #????? | | #??????????????????# #?????### #???????# ###### | | #??????????????????# #???????# #???????# | | #??????????????????# #???????# #???##### ###### | | #?????????????????## ####????# #???# #????? | | #?????????????????#" ## #????# #???# ### #????? | | #??????????????????# ## #????# #####+#?# #????? | | #??????????????????# ## #????# ##%" #?# #????? | | #??????????????????# g;# ##??## ##" ###+###### | | #################### g%p@;#### ^^ | | g^g BBgggg ^^ % | | /^ % BB ^ | | ############################### ## ## ##"## | | ????????????????????????????### ## =## ###?? | | ????????????????????????????# " *!%=! % #?? | | ????????????????????????????# " [=! #?? | | ?????????????????????????#### " | #?? | | #####????????????????????# + " #?? | | #????????????????????# #### ## #" ###?? | | ######################+#### ## ## ##### | | ## % | | #+############### | | ## # ########??????# ###+#### ##### | | ?#### ### ###??????# #?# #??## ## ######???? | | ????# ## ##??????# #?# #???# ## #????????? | | ????# #??????# #?# #???# #######????????? | | ????# ## # #??????# ### ##### #??????????????? | | ##??# ## # #??????# ## + #??????????????? | | "#??# ########??????# ## ###### #??????????????? | | "#### ############### ##+###### #??????????????? | | ## + #??????????????? | | ##### #??????????????? | | + ##### ##### ##########+##??????????????? | | + #?### #???# #????????# #???????????????? | +----------------------------------------------------+ Best States ------------- Heat Dissipation 46 Energy Generation 19 Energy Capacity 500 Matter Stores 300 Matter Capacity 300 Sight Range 16 Terrain Scan Density 10 Base Temperature (-) 100 Armor Coverage 600 Evasion (%) 76 Offensive Hacking 40 Item Schematics ----------------- None Robot Schematics ------------------ None Fabricated ------------ Nothing Repaired ---------- Nothing Alien Tech Used ----------------- None Achievements -------------- None Challenges ------------ None Game ------ Seed PlatingThrowingFragment Manual? 0 Play Time 00:43:28 Cumulative 52.1 hours Start 2025.05.27 @ 18:13:32 End 2025.05.27 @ 21:19:07 Sessions 3 Manual Loads 0 Difficulty Rogue Special Mode None Game No. 35 Rogue 35 Adventurer 0 Explorer 0 Win Type - Total 1 Types 0/0/0/1/0/0/0/0/0/0 Lore% 20 Gallery% 33 Achievement% 38 Wizard Run 0 Options --------- Layout 1 ASCII 0 Keyboard 0 Movement Mouse Keybinds 0 Fullscreen 1 Font 32/SmallcapsGlow Map View 50x35 Zoom Use 0% Tactical HUD 1 Map Filters NONE Filters NONE Steam 1 RUN: 4d4e0fb6-f9f9-40be-9d18-0abfbfcb12c4